 Dungeon Crawl Stone Soup version 0.17-a0-18-gc25b939 (webtiles) character file.

1134 Qrupt the Poker (level 8, -12/67 HPs)
             Began as a Formicid Abyssal Knight on Mar 9, 2015.
             Was an Elder of Lugonu.
             Mangled by Herrn's ghost (16 damage)
             ... on level 6 of the Dungeon.
             The game lasted 00:18:59 (5142 turns).

Qrupt the Poker (Formicid Abyssal Knight)           Turns: 5142, Time: 00:18:59

Health: -12/67     AC:  7    Str: 20    XL:     8   Next: 62%
Magic:  13/13      EV: 15    Int: 11    God:    Lugonu [****..]
Gold:   299        SH:  5    Dex: 15    Spells: 0 memorised, 7 levels left

rFire  + . .     SeeInvis +     e - +0 halberd
rCold  . . .     Clarity  .     u - +0 scale mail
rNeg   . . .     SustAb   .     h - +0 buckler
rPois  .         Gourm    .     (helmet unavailable)
rElec  .         Spirit   .     f - +0 cloak (curse)
rCorr  .         Warding  .     (no gloves)
rMut   .         Stasis   +     (no boots)
MR     +....                    (no amulet)
Stlth  +.........               p - ring of protection from fire
                                l - ring of protection from magic

@: agile, lethally poisoned (-12 -> -14), flying, somewhat resistant to hostile
enchantments, very unstealthy
A: permanent stasis, dig shafts and tunnels, four strong arms, antennae 3
a: Dig, Shaft Self, Depart the Abyss, Bend Space, Banish, Corrupt, Renounce
Religion


You were on level 6 of the Dungeon.
You worshipped Lugonu.
Lugonu was greatly pleased with you.
You were not hungry.

You visited 2 branches of the dungeon, and saw 7 of its levels.
You visited the Abyss 1 time.

You collected 299 gold pieces.

Inventory:

Hand weapons
 a - a +0 blowgun
 e - a +0 halberd (weapon)
Missiles
 b - 5 poisoned needles
 k - 11 curare-tipped needles
Armour
 f - a cursed +0 cloak (worn)
 h - a +0 buckler (worn)
 u - a +0 scale mail (worn)
Jewellery
 l - a ring of protection from magic (left hand)
 p - a ring of protection from fire (right hand)
Scrolls
 d - a scroll of recharging {unknown}
 m - 3 scrolls of identify
 n - 2 scrolls of remove curse
 r - a scroll of blinking {unknown}
Potions
 g - 2 potions of flight
Books
 i - a book of Alchemy

   Spells                             Type                      Level
   a - Sublimation of Blood           Necromancy                   2
   b - Alistair's Intoxication        Transmutation/Poison         4
   c - Condensation Shield            Ice                          4
   d - Petrify                        Transmutation/Earth          4
   e - Ignite Poison                  Fire/Transmutation           5
   f - Irradiate                      Conjuration/Transmutation    5
Comestibles
 c - 4 bread rations
 j - a beef jerky
 t - 3 meat rations


   Skills:
 - Level 7.1 Fighting
 - Level 7.4 Polearms
 - Level 2.1 Armour
 - Level 0.8 Dodging
 + Level 3.1 Shields
 - Level 2.1 Invocations


You had 7 spell levels left.
You didn't know any spells.

Dungeon Overview and Level Annotations

Branches:
Dungeon (6/15)             Temple (1/1) D:4

Altars:
Ashenzari
Cheibriados
Dithmenos
Elyvilon
Fedhas
Gozag
Kikubaaqudgha
Makhleb
Nemelex Xobeh
Okawaru
Qazlal
Ru
Sif Muna
Vehumet
Xom
Yredelemnul
The Shining One
Lugonu

Annotations:
D:3 Grinder
D:6 Herrn's ghost, experienced GrWn


Innate Abilities, Weirdness & Mutations

You are under a permanent stasis effect.
You can dig through walls and to a lower floor.
Your four strong arms can wield two-handed weapons with a shield.
You have a pair of large antennae on your head (SInv).


Message History

Herrn's ghost hits you!
* * * LOW HITPOINT WARNING * * *
The goblin hits you but does no damage.
Drink which item? (? for menu, Esc to quit)
It was a potion of flight.
You feel very buoyant.
You fly up into the air.
Herrn's ghost gestures at you while chanting.
The sting hits you!
You are poisoned.
* * * LOW HITPOINT WARNING * * *
The goblin closely misses you.
Drink which item? (? for menu, Esc to quit)
It was a potion of agility.
You feel agile all of a sudden.
You feel sick. Herrn's ghost closely misses you.
The goblin completely misses you.
Drink which item? (? for menu, Esc to quit)
It was a potion of haste.
Your stasis keeps you stable.
Herrn's ghost hits you!
You die...

#............#
#............# #
#########.#### .# #.#
# ##. ####.# #. ..
#....# #.##.# #.#.#
#.#### #....# #.#.#
#.# ###g.# #.#.# #.#
#.@W.# #.#.# #.#
#.##.# #.#.# #.# #.#
...#.#.#
#.########.######.#.#
#...............#.#.#
##########.###.##.#.#
#........#.#
####.......#
#.#####.#


You could see Herrn's ghost and a goblin.

Vanquished Creatures
  The ghost of hornqvist the Sneak, an average OpAs of Okawaru (D:5)
  Menkaure (D:5)
  An ogre (D:5)
  An eye of draining (D:6)
  Duvessa (D:5)
  A big kobold (D:5)
  Dowan (D:5)
  An orc priest (D:4)
  A giant frog skeleton (D:5)
  A jelly (D:5)
  A gnoll shaman (D:5)
  3 worker ants
  2 orc wizards (D:5)
  Ijyb (D:3)
  Jessica (D:2)
  A hound zombie (D:6)
  14 gnolls
  6 adders
  A shadow imp (D:6)
  An adder skeleton (D:5)
  An adder zombie (D:6)
  A giant gecko (D:1)
  7 orcs
  13 bats
  6 giant cockroaches
  5 goblins
  8 hobgoblins
  2 quokkas (D:5)
  2 ball pythons
  2 giant newts
  A jackal skeleton (D:4)
  8 kobolds
  8 rats
105 creatures vanquished.

Notes
Turn   | Place    | Note
--------------------------------------------------------------
     0 | Abyss:1  | Qrupt, the Formicid Abyssal Knight, began the quest for the Orb.
     0 | Abyss:1  | Reached XP level 1. HP: 18/18 MP: 1/1
    13 | D:1      | Escaped the Abyss
    65 | D:1      | Reached XP level 2. HP: 16/24 MP: 3/3
   418 | D:1      | Acquired Lugonu's second power
   475 | D:1      | Reached XP level 3. HP: 29/29 MP: 5/5
  1234 | D:2      | Reached XP level 4. HP: 33/35 MP: 6/6
  1265 | D:2      | Reached skill level 4 in Polearms
  1477 | D:2      | Found an opulent altar of Gozag.
  1763 | D:2      | Noticed Jessica
  1770 | D:2      | Killed Jessica
  1770 | D:2      | Reached XP level 5. HP: 41/41 MP: 8/8
  1890 | D:2      | Reached skill level 5 in Polearms
  2112 | D:3      | Noticed Ijyb
  2122 | D:3      | Killed Ijyb
  2386 | D:3      | Noticed Grinder
  2398 | D:4      | Found an ancient bone altar of Kikubaaqudgha.
  2399 | D:4      | Found a basalt altar of Yredelemnul.
  2399 | D:4      | Found a shattered altar of Ashenzari.
  2399 | D:4      | Found a sacrificial altar of Ru.
  2400 | D:4      | Found a radiant altar of Vehumet.
  2400 | D:4      | Found a deep blue altar of Sif Muna.
  2401 | D:4      | Found a blossoming altar of Fedhas.
  2401 | D:4      | Found a shadowy altar of Dithmenos.
  2491 | D:4      | Acquired Lugonu's third power
  2703 | D:4      | Found a staircase to the Ecumenical Temple.
  2724 | D:4      | Reached XP level 6. HP: 47/47 MP: 10/10
  2727 | Temple   | Entered the Ecumenical Temple
  2981 | D:4      | Found a snail-covered altar of Cheibriados.
  3050 | D:5      | Entered Level 5 of the Dungeon
  3078 | D:5      | Reached skill level 6 in Polearms
  3340 | D:5      | Noticed Menkaure
  3546 | D:5      | Noticed hornqvist's ghost (average OpAs)
  3705 | D:5      | Killed hornqvist's ghost
  3705 | D:5      | Reached skill level 7 in Polearms
  3705 | D:5      | Reached XP level 7. HP: 34/52 MP: 11/11
  3896 | D:5      | Acquired Lugonu's fourth power
  4081 | D:5      | Noticed Duvessa
  4102 | D:5      | Killed Duvessa
  4102 | D:5      | Reached skill level 5 in Fighting
  4178 | D:5      | Found a burning altar of Makhleb.
  4179 | D:5      | Noticed Dowan
  4190 | D:5      | Killed Dowan
  4190 | D:5      | Reached XP level 8. HP: 45/63 MP: 13/13
  4421 | D:5      | Killed Menkaure
  4868 | D:6      | Reached skill level 1 in Shields
  5133 | D:6      | Noticed Herrn's ghost (experienced GrWn)
  5142 | D:6      | Mangled by Herrn's ghost

Action                   |  1- 3 |  4- 6 |  7- 9 || total
-------------------------+-------+-------+-------++-------
Melee: Spear             |   134 |    46 |       ||   180
       Halberd           |       |   157 |   130 ||   287
  Use: Scroll            |       |     5 |       ||     5
       Potion            |       |       |     8 ||     8
 Stab: Distracted        |       |     1 |       ||     1
  Eat: Chunk             |     1 |     6 |     1 ||     8
       Beef jerky        |       |     1 |       ||     1
       Bread ration      |       |       |     1 ||     1
       Fruit             |       |       |     1 ||     1
